AoeStats
← en Au

Hideout

509676859Analyzed
1v1 RM · 3d ago on Sep 27, 2026· 22m 51s· 2 players
Game mode
Random Map
Map size
Tiny (2 player)
Population
200
Speed
Normal
Resources
Standard
Victory
Conquest
Starting age
Dark Age
Ending age
Imperial Age
RankedLock teamsTeams togetherTeam positionsShared explorationLock speedFull tech treeHidden civsTurbo modeCheats
Victory
Defeat
🇫🇷 Turks · France
913
+17
🇫🇮 Berbers · Finland
934
-17
en Au
7:22 Loom
10:54 Feudal Age
12:17 Horse Collar
16:41 Castle Age
15:24 Stone Mining
16:06 Double-Bit Axe
17:44 Town Watch
18:29 Gold Mining
22:40 Fletching
fitzy
11:05 Feudal Age
15:11 Castle Age
13:14 Double-Bit Axe
13:43 Horse Collar
15:02 Loom
17:04 Scale Barding Armor
17:10 Forging
19:49 Fletching
Connection lost

Rejoining the realm…

Still unreachable

The connection could not be restored.

Session expired

The server has moved on; the page needs a fresh start.